 Dungeon Crawl Stone Soup version 0.26-a0-598-g61e6210cf4 (webtiles) character file.

Game seed: 12746937974905234373

412219 Hores the Scorcher (level 23, -6/144 HPs)
             Began as a Gargoyle Earth Elementalist on Aug 27, 2020.
             Was the Champion of Vehumet.
             Mangled by a spark wasp (19 damage)
             ... on level 2 of the Depths on Aug 28, 2020.
             The game lasted 03:03:12 (58622 turns).

Hores the Scorcher (Gargoyle Earth Elementalist)   Turns: 58622, Time: 03:03:13

Health: -6/144     AC: 34    Str: 15    XL:     23   Next: 53%
Magic:  14/41      EV: 18    Int: 29    God:    Vehumet [******]
Gold:   5783       SH:  0    Dex: 12    Spells: 11/50 levels left

rFire    + . .     SeeInvis .   S - +6 demon whip (elec)
rCold    . . .     Faith    .   (no shield)
rNeg     + . .     Spirit   .   M - +1 troll leather armour
rPois    ∞         Reflect  .   m - +2 hood of the Assassin {Detection Stab+ Stlth++}
rElec    +         Harm     .   q - +2 cloak
rCorr    .                      L - +2 pair of gloves {archery}
MR       +....                  z - +1 pair of boots
Stlth    ++++......             J - amulet of regeneration
HPRegen  1.14/turn              i - +6 ring of intelligence
MPRegen  0.27/turn              R - +4 ring of slaying

@: flying
A: big wings, agile 1, dopey 1, fire resistance 1, negative energy resistance 1,
electricity resistance, strong 1, unbreathing, petrification resistance, rot
immunity, AC +17
}: 2/15 runes: decaying, serpentine
a: Stop Flying, Renounce Religion


You were on level 2 of the Depths.
You worshipped Vehumet.
Vehumet was exalted by your worship.
You visited 10 branches of the dungeon, and saw 42 of its levels.
You also visited: Sewer, Bailey, Gauntlet and Volcano.

You collected 7679 gold pieces.
You spent 1896 gold pieces at shops.

Inventory:

Hand Weapons
 S - a +6 demon whip of electrocution (weapon)
Missiles
 b - 847 stones (quivered)
 V - a throwing net
Armour
 m - the +2 hood of the Assassin (worn) {Detection Stab+ Stlth++}
   (You found it on level 3 of the Elven Halls)

   It makes you much more stealthy.
 q - a +2 cloak (worn)
 r - a +0 pair of gloves of dexterity
 z - a +1 pair of boots (worn)
 G - a scarf of invisibility
 K - a +2 robe of the Archmagi
 L - a +2 pair of gloves of archery (worn)
 M - a +1 troll leather armour (worn)
Jewellery
 i - a +6 ring of intelligence (left hand)
 u - an uncursed ring of resist corrosion
 C - an uncursed ring of see invisible
 J - an amulet of regeneration (around neck)
 N - the ring of Red Wine {rElec rPois Str+6 Int+3}
   (You found it on level 1 of the Depths)

   [ring of strength]

   It affects your strength (+6).
   It affects your intelligence (+3).
   It insulates you from electricity.
   It protects you from poison.
 R - a +4 ring of slaying (right hand)
Wands
 g - a wand of iceblast (66)
 v - a wand of paralysis (27)
 w - a wand of disintegration (53)
 y - a wand of enslavement (54)
 I - a wand of digging (11)
 X - a wand of acid (15)
Scrolls
 d - 3 scrolls of amnesia
 h - 19 scrolls of remove curse
 j - 9 scrolls of fog
 o - 16 scrolls of teleportation
 p - 5 scrolls of blinking
 s - a scroll of torment
 A - 5 scrolls of holy word
 B - 2 scrolls of magic mapping
 O - 8 scrolls of identify
 Y - a scroll of summoning
 Z - 5 scrolls of fear
Potions
 c - 3 potions of magic
 e - 5 potions of might
 k - 24 potions of curing
 l - 5 potions of brilliance
 n - 4 potions of stabbing
 t - 2 potions of haste
 x - 4 potions of mutation
 D - 4 potions of resistance
 E - 4 potions of invisibility
 F - a potion of heal wounds
 H - 4 potions of ambrosia
 P - a potion of cancellation
 Q - 6 potions of berserk rage
Miscellaneous
 a - a phial of floods
 f - a phantom mirror
 T - a condenser vane (1/2)
 U - a box of beasts (3/3)


   Skills:
 + Level 15.1 Fighting
 + Level 14.1 Maces & Flails
 - Level 6.0 Armour
 + Level 12.3 Dodging
 - Level 2.1 Stealth
 + Level 14.2 Spellcasting
 + Level 16.3 Conjurations
   Level 0.7 Transmutations
 * Level 18.0 Fire Magic
 + Level 17.8 Earth Magic
 + Level 9.1 Evocations


You had 11 spell levels left.
You knew the following spells:

 Your Spells              Type           Power        Failure   Level
a - Sandblast             Erth           ######       0%          1
b - Stone Arrow           Conj/Erth      ######       0%          3
c - Lee's Rapid Deconstr  Erth           #######...   1%          5
d - Iron Shot             Conj/Erth      #######...   1%          6
e - Fireball              Conj/Fire      #######...   1%          5
f - Lehudib's Crystal Sp  Conj/Erth      #######...   4%          8
g - Starburst             Conj/Fire      #######...   1%          6
h - Borgnjor's Vile Clut  Necr/Erth      ######....   1%          5

Your spell library contained the following spells:

 Spells                   Type           Power        Failure   Level
 Shatter                  Erth           #######...   41%         9
 Fire Storm               Conj/Fire      #######...   50%         9
 Chain Lightning          Conj/Air       ######....   82%         8
 Magic Dart               Conj           ####         0%          1
 Searing Ray              Conj           ######       0%          2
 Conjure Flame            Conj/Fire      #######.     0%          3
 Shock                    Conj/Air       ####         1%          1
 Passwall                 Tmut/Erth      ######..     1%          2
 Dazzling Flash           Conj/Hex       ######       1%          3
 Ignite Poison            Fire/Tmut/Pois ######..     1%          3
 Mephitic Cloud           Conj/Pois/Air  ######..     1%          3
 Fulminant Prism          Conj/Hex       ######....   1%          4
 Iskenderun's Mystic Bla  Conj/Tloc      ######..     1%          4
 Petrify                  Tmut/Erth      ######..     1%          4
 Bolt of Magma            Conj/Fire/Erth #######...   1%          5
 Irradiate                Conj/Tmut      ######....   1%          5
 Iskenderun's Battlesphe  Conj           #######.     1%          5
 Orb of Destruction       Conj           #######...   1%          7
 Sting                    Tmut/Pois      ###.         2%          1
 Animate Skeleton         Necr           ###...       3%          1
 Apportation              Tloc           ###...       3%          1
 Corona                   Hex            ###....      3%          1
 Summon Small Mammal      Summ           ###.         3%          1
 Blink                    Tloc           N/A          4%          2
 Call Imp                 Summ           ###.....     4%          2
 Corpse Rot               Necr/Air       N/A          4%          2
 Ensorcelled Hibernation  Hex/Ice        ###...       4%          2
 Poisonous Vapours        Pois/Air       ###...       4%          2
 Slow                     Hex            ###.....     4%          2
 Swiftness                Air            ###.....     4%          2
 Conjure Ball Lightning   Conj/Air       ######....   4%          6
 Olgreb's Toxic Radiance  Pois           ###.....     8%          4
 Confusing Touch          Hex            ###.....     9%          3
 Gell's Gravitas          Tloc           ###.......   9%          3
 Tukima's Dance           Hex            ###.....     9%          3
 Yara's Violent Unravell  Hex/Tmut       ###.......   17%         5
 Spellforged Servitor     Conj/Summ      ######....   22%         7
 Animate Dead             Necr           ###.......   28%         4
 Cause Fear               Hex            ###.......   28%         4
 Dispel Undead            Necr           ###.....     28%         4
 Passage of Golubria      Tloc           N/A          28%         4
 Summon Lightning Spire   Summ/Air       ###.....     28%         4
 Agony                    Necr           ###.....     63%         5
 Excruciating Wounds      Necr           ###.......   63%         5
 Metabolic Englaciation   Hex/Ice        ###.......   63%         5
 Silence                  Hex/Air        ###.......   63%         5
 Death Channel            Necr           ###.......   99%         6
 Invisibility             Hex            ###.....     99%         6
 Shadow Creatures         Summ           N/A          99%         6
 Simulacrum               Ice/Necr       ###.......   99%         6
 Malign Gateway           Summ/Tloc      ###.......   100%        7
 Discord                  Hex            ###.......   100%        8
 Tornado                  Air            ###.......   100%        9
 Sublimation of Blood     Necr           Unusable     N/A         2

Dungeon Overview and Level Annotations

Branches:
Dungeon (15/15)            Temple (1/1) D:7            Lair (6/6) D:11
  Swamp (4/4) Lair:2        Snake (4/4) Lair:3        Slime (0/5) Lair:5
    Orc (2/2) D:9             Elf (3/3) Orc:2        Vaults (4/5) D:13
  Crypt (1/3) Vaults:2     Depths (2/5) D:15          Sewer (visited)
 Bailey (visited)         Volcano (visited)         Gauntlet (visited)

Altars:
Ashenzari
Cheibriados
Dithmenos
Elyvilon
Fedhas
Gozag
Hepliaklqana
Kikubaaqudgha
Makhleb
Nemelex Xobeh
Okawaru
Qazlal
Ru
Sif Muna
Trog
Uskayaw
Vehumet
Wu Jian
Xom
Yredelemnul
Zin
The Shining One
Beogh

Shops:
D:4 ?   D:15 *   Orc:2 *(!(   Snake:1 ==   Vaults:3 ((

Portals:
Hell: Depths:1
Pandemonium: Depths:2
Ziggurat: Depths:1
Trove: Elf:2 (give +6 demon whip)

Annotations:
Elf:1 6 runed translucent doors
Elf:2 3 runed translucent doors


Innate Abilities, Weirdness & Mutations

You are resistant to torment.
Your stone body is resilient. (AC +17)
You are immune to poison.
Your large and strong wings let you fly indefinitely.
You resist negative energy. (rN+)
You are resistant to electric shocks. (rElec)
You can survive without breathing.
You are immune to petrification.
You are immune to rotting.
You are agile. (Dex +2)
You are dopey. (Int -2)
Your flesh is heat resistant. (rF+)
Your muscles are strong. (Str +2)


Message History

Vehumet accepts your kill.
You feel your power returning. The spark wasp stings you!!
* * * LOW HITPOINT WARNING * * *
The spark wasp shocks you. You resist.
* * * LOW HITPOINT WARNING * * *
Casting: Lehudib's Crystal Spear (dangerous; 4% risk of failure)
Confirm with . or Enter, or press ? or * to list all spells.
Aiming: Lehudib's Crystal Spear (dangerous; 4% risk of failure)
Press: ? - help, Shift-Dir - straight line, f - spark wasp
Aim: a spark wasp The crystal spear hits the spark wasp!!!
The spark wasp is severely wounded.
The spark wasp barely misses you. x2
The spark wasp bursts into living lightning!
The living lightning hits you! You resist.
* * * LOW HITPOINT WARNING * * *
The living lightning hits you! You resist.
* * * LOW HITPOINT WARNING * * *
The spark wasp blinks!
The spark wasp stings you!!
You die...

#### ###..### #.....#.
#....... ##...>..
##..(... #### #.......
#####..####.......
##@##...#.......... ##
#y§.##.............
##..#....##.........#..
#.....................÷
###...y...............#
#...>...............#
#......................
........................
....≈.≈≈...............#


You could see 2 spark wasps.

Vanquished Creatures
  Mara (Elf:3)
  Boris (Vaults:4)
  Vashnia (Snake:2)
  Nikola (Snake:3)
  A bone dragon (Swamp:4)
  A tentacled monstrosity (Depths:2)
  Jorgrun (D:14)
  2 liches
  A quicksilver dragon (shapeshifter) (Vaults:3)
  2 deep elf blademasters (Elf:3)
  2 deep elf master archers (Elf:3)
  3 thorn hunters
  3 sphinxes
  8 nagarajas
  4 fire giants
  Aizul (Snake:3)
  12 deep elf sorcerers
  2 frost giants
  An orc warlord (Orc:2)
  An angel (Depths:1)
  An emperor scorpion (shapeshifter) (Vaults:2)
  6 vault wardens
  A spriggan defender (Depths:2)
  5 deep elf elementalists
  6 ironheart preservers
  7 very ugly things
  8 deep elf demonologists
  6 stone giants
  11 deep elf annihilators (Elf:3)
  Nessos (D:13)
  Azrael (Elf:1)
  2 spark wasps (Depths:2)
  A minotaur (Gauntlet)
  5 ettins
  5 deep elf death magi (Elf:3)
  Snorg (D:13)
  8 fire dragons
  10 ogre magi
  7 deep elf high priests
  3 vault guards
  7 great orbs of eyes
  3 jiangshi (Depths:1)
  7 yaktaur captains
  Erolcha (D:13)
  9 naga warriors
  25 anacondas
  2 ice dragons (Vaults:3)
  4 ghost crabs (Swamp:4)
  3 shambling mangroves
  13 hydras
  A death knight (Vaults:4)
  2 rakshasas
  30 two-headed ogres
  18 dancing weapons
  A death scarab (Gauntlet)
  6 deep troll earth magi
  A vampire mage (Depths:1)
  11 alligators
  12 centaur warriors
  7 shock serpents
  2 deep troll shamans
  11 orc high priests
  A tengu warrior (D:14)
  23 naga sharpshooters
  4 spriggans
  10 deep elf knights
  2 salamander mystics (Snake:4)
  An iron troll (Depths:1)
  A sixfirhy (Depths:2)
  A flayed ghost (Depths:1)
  2 unseen horrors (D:12)
  10 skeletal warriors (Vaults:1)
  5 wizards
  11 deep trolls
  8 ironbrand convokers
  9 naga ritualists
  8 swamp dragons
  A spriggan druid (Swamp:4)
  A spectral hydra (Swamp:4)
  13 deep elf archers
  4 necromancers
  A mana viper (shapeshifter) (Vaults:4)
  7 mana vipers
  2 wolf spider zombies
  2 harpies (shapeshifter)
  23 orc knights
  32 deep elf magi
  A moth of wrath (Lair:4)
  60 ugly things
  5 orc sorcerers
  11 salamanders
  6 cyclopes
  A human zombie (Vaults:1)
  3 wolf spiders
  4 manticores
  An ice statue (Elf:2)
  3 elephants (Lair:4)
  A guardian serpent (shapeshifter) (Elf:2)
  36 black mambas
  22 naga magi
  A stone giant skeleton (Vaults:1)
  12 guardian serpents
  A cane toad (shapeshifter) (Vaults:4)
  2 torpor snails (Lair:6)
  5 spectral swamp worms (Depths:1)
  13 vault sentinels
  19 cane toads
  A komodo dragon (shapeshifter) (Vaults:4)
  2 kobold demonologists
  2 efreet (D:15)
  8 rime drakes
  A tormentor (Depths:2)
  3 freezing wraiths
  8 komodo dragons
  4 swamp worm zombies (Swamp:4)
  A yaktaur skeleton (Vaults:4)
  27 yaktaurs
  An ice devil (Depths:2)
  A harpy zombie (D:15)
  9 trolls
  4 tengu conjurers
  10 polar bears
  Grinder (D:6)
  3 hydra zombies (Swamp:4)
  14 hornets
  3 raiju (Lair:6)
  Prince Ribbit (D:5)
  3 spectral swamp dragons (Swamp:4)
  3 raiju (shapeshifter)
  12 blink frogs
  11 tyrant leeches
  36 slime creatures
  15 bog bodies
  4 dream sheep (Lair:6)
  A meliai zombie (D:10)
  An alligator zombie (Swamp:4)
  An ettin zombie (Vaults:4)
  A frost giant simulacrum (Vaults:4)
  20 hippogriffs
  3 air elementals
  A ynoxinul (Depths:2)
  A tarantella (shapeshifter) (D:13)
  A vampire (D:15)
  2 water elementals (Elf:1)
  12 wyverns
  4 wraiths
  5 shadows
  9 fire elementals
  A yak (shapeshifter) (Vaults:3)
  9 fire bats
  35 yaks
  8 basilisks
  11 steam dragons
  A chaos spawn (Depths:2)
  A neqoxec (Depths:2)
  15 vampire mosquitoes
  Edmund (D:4)
  56 nagas
  A spectral cane toad (Gauntlet)
  15 wargs
  21 swamp worms
  6 insubstantial wisps (Swamp:4)
  18 water moccasins
  17 hell hounds
  3 acid dragons
  A floating eye (shapeshifter) (Vaults:3)
  7 porcupines
  14 black bears
  11 swamp drakes
  An elephant zombie (Lair:4)
  6 ice beasts
  73 orc warriors
  3 sky beasts
  An eye of draining (shapeshifter) (Vaults:3)
  7 phantoms
  An orc skeleton (Vaults:1)
  3 swamp dragon zombies (Swamp:4)
  39 ogres
  8 centaurs
  2 human skeletons (Vaults:4)
  9 boggarts
  22 wolves
  16 crocodiles
  7 big kobolds
  13 bullfrogs
  5 earth elementals
  3 scorpions
  A water moccasin skeleton (D:9)
  A wyvern skeleton (D:14)
  16 killer bees
  3 human simulacra
  7 howler monkeys
  9 wights
  10 electric eels
  A crimson imp (Depths:2)
  4 centaur zombies
  A bullfrog zombie (D:7)
  7 hounds
  16 jellies
  37 orc priests
  4 bullfrog skeletons
  3 centaur skeletons
  An iron imp (Depths:2)
  6 iguanas
  24 orc wizards
  7 worker ants
  A spectral swamp drake (Swamp:4)
  7 hell rats (Lair:2)
  A statue (D:8)
  A killer bee zombie (D:9)
  A crocodile zombie (Lair:4)
  2 hound zombies (D:8)
  2 hound skeletons
  2 worker ant zombies
  15 adders
  4 gnolls (Bailey)
  2 howler monkey skeletons (D:4)
  7 river rats (Sewer)
  3 swamp drake zombies (Swamp:4)
  6 shadow imps
  8 white imps
  An ufetubus (D:9)
  3 oozes
  An adder zombie (D:6)
  6 worms
  A dart slug (D:1)
  4 leopard geckos
  160 orcs
  5 ball pythons
  3 giant cockroaches
  18 goblins
  13 hobgoblins
  5 jackals
  36 kobolds
  5 quokkas
  6 bats
  5 frilled lizards
  A quokka zombie (D:5)
  20 rats
  13 briar patches
  7 crawling corpses (Elf:3)
1963 creatures vanquished.

Vanquished Creatures (collateral kills)
  A deep elf blademaster (Elf:3)
  A salamander (Snake:3)
2 creatures vanquished.

Vanquished Creatures (others)
  A deep elf elementalist (Elf:3)
  A dancing weapon (Elf:1)
  An orc high priest (Elf:1)
  A deep elf mage (Elf:1)
  A hornet (Swamp:4)
  2 water elementals (Elf:1)
  An orc wizard (Elf:1)
  An adder (Snake:3)
  An orc (Elf:1)
  30 fungi
  130 plants
  11 withered plants (Gauntlet)
181 creatures vanquished.

Grand Total: 2146 creatures vanquished

Notes
Turn   | Place    | Note
-------+----------+-------------------------------------------
     0 | D:1      | Hores the Gargoyle Earth Elementalist began the quest for
                  | the Orb.
     0 | D:1      | Reached XP level 1. HP: 10/10 MP: 3/3
   129 | D:1      | Reached XP level 2. HP: 15/15 MP: 3/5
   615 | D:1      | Reached XP level 3. HP: 14/19 MP: 6/6
   620 | D:1      | Learned a level 3 spell: Stone Arrow
  1102 | D:1      | You fall into a shaft and drop 1 floor!
  1103 | D:2      | You fall into a shaft and drop 2 floors!
  1159 | D:4      | Found a stormy altar of Qazlal.
  1217 | D:4      | Reached skill level 1 in Conjurations
  1217 | D:4      | Reached XP level 4. HP: 24/24 MP: 4/8
  1556 | D:3      | Reached skill level 5 in Earth Magic
  1626 | D:3      | Reached XP level 5. HP: 27/28 MP: 5/9
  1876 | D:3      | Learned a level 5 spell: Lee's Rapid Deconstruction
  2006 | D:3      | Found a glowing drain.
  2022 | Sewer    | Entered a sewer
  2379 | Sewer    | Noticed a big kobold
  2398 | Sewer    | Killed a big kobold
  2398 | Sewer    | Reached XP level 6. HP: 11/32 MP: 7/11
  3820 | D:3      | Reached XP level 7. HP: 31/36 MP: 7/13
  4978 | D:4      | Noticed Edmund
  4995 | D:4      | Killed Edmund
  5123 | D:4      | Found Enkef's Magic Scroll Shop.
  5131 | D:4      | Bought a scroll of identify for 24 gold pieces
  5131 | D:4      | Bought a scroll of identify for 24 gold pieces
  5131 | D:4      | Bought a scroll of identify for 24 gold pieces
  5131 | D:4      | Bought a scroll of teleportation for 36 gold pieces
  5131 | D:4      | Bought a scroll of identify for 24 gold pieces
  5131 | D:4      | Bought a scroll of teleportation for 36 gold pieces
  5131 | D:4      | Bought a scroll of teleportation for 36 gold pieces
  5306 | D:5      | Entered Level 5 of the Dungeon
  5317 | D:5      | Reached skill level 5 in Spellcasting
  5356 | D:5      | Reached skill level 5 in Conjurations
  5356 | D:5      | Reached XP level 8. HP: 35/41 MP: 11/15
  5377 | D:5      | Noticed Prince Ribbit
  5382 | D:5      | Killed Prince Ribbit
  5669 | D:5      | You fall into a shaft and drop 3 floors!
  6034 | D:6      | Noticed Grinder
  6034 | D:6      | Paralysed by Grinder for 3 turns
  6040 | D:6      | Killed Grinder
  6696 | D:6      | Reached skill level 1 in Fighting
  6696 | D:6      | Reached XP level 9. HP: 47/47 MP: 14/18
  6699 | D:6      | Reached skill level 1 in Maces & Flails
  6699 | D:6      | Reached skill level 1 in Armour
  6699 | D:6      | Reached skill level 1 in Evocations
  7057 | D:7      | Found a staircase to the Ecumenical Temple.
  7062 | Temple   | Entered the Ecumenical Temple
  7722 | D:7      | Found a shimmering altar of Xom.
  7725 | D:7      | Gained mutation: Your body sometimes deteriorates upon
                  | taking damage. [potion of mutation]
  7725 | D:7      | Gained mutation: You evolve. [potion of mutation]
  7725 | D:7      | Gained mutation: Your muscles are strong. (Str +2) [potion
                  | of mutation]
  7725 | D:7      | Gained mutation: Your natural rate of healing is unusually
                  | fast. [potion of mutation]
  7822 | D:7      | Found a shimmering altar of Xom.
  7948 | D:7      | Found a white marble altar of Elyvilon.
  8084 | D:8      | Noticed a two-headed ogre
  8308 | D:8      | Gained mutation: Your flesh is heat resistant. (rF+)
                  | [evolution]
  8458 | D:8      | Noticed a two-headed ogre
  8464 | D:8      | Killed a two-headed ogre
  8464 | D:8      | Reached XP level 10. HP: 56/56 MP: 17/20
  8469 | D:8      | Found a blossoming altar of Fedhas.
  8471 | D:8      | Found a sacrificial altar of Ru.
  8597 | D:8      | Found a radiant altar of Vehumet.
  8605 | D:8      | Became a worshipper of Vehumet
  8675 | D:8      | Killed a two-headed ogre
  8818 | D:8      | Found a shattered altar of Ashenzari.
  9026 | D:9      | Found a hide-covered altar of Uskayaw.
  9046 | D:9      | Noticed a cyan ugly thing
  9051 | D:9      | Killed a cyan ugly thing
  9127 | D:9      | Reached * piety under Vehumet
  9127 | D:9      | Offered knowledge of Foxfire by Vehumet.
  9366 | D:9      | Found a staircase to the Orcish Mines.
  9383 | D:9      | Noticed a two-headed ogre
  9387 | D:9      | Killed a two-headed ogre
  9970 | D:10     | Entered Level 10 of the Dungeon
 10013 | D:10     | Reached XP level 11. HP: 61/62 MP: 21/21
 10494 | D:10     | Offered knowledge of Freeze by Vehumet.
 10494 | D:10     | Reached ** piety under Vehumet
 10651 | D:10     | Reached skill level 5 in Armour
 10683 | D:10     | Reached skill level 5 in Fighting
 10687 | D:10     | Reached skill level 10 in Earth Magic
 10809 | D:10     | Offered knowledge of Frozen Ramparts by Vehumet.
 11047 | D:11     | Noticed a manticore
 11050 | D:11     | Killed a manticore
 11069 | D:11     | Found a flagged portal.
 11083 | Bailey   | Entered a bailey
 11124 | Bailey   | Reached *** piety under Vehumet
 11163 | Bailey   | Found an iron altar of Okawaru.
 11163 | Bailey   | Noticed an orc sorcerer
 11168 | Bailey   | Noticed an orc knight
 11198 | Bailey   | Killed an orc sorcerer
 11203 | Bailey   | Killed an orc knight
 11207 | Bailey   | Reached skill level 5 in Maces & Flails
 11315 | Bailey   | Offered knowledge of Hailstorm by Vehumet.
 11421 | Bailey   | Noticed an orc knight
 11434 | Bailey   | Killed an orc knight
 11740 | Bailey   | Gained mutation: You are dopey. (Int -2) [evolution]
 11775 | Bailey   | Noticed an orc knight
 11782 | Bailey   | Killed an orc knight
 11782 | Bailey   | Reached skill level 5 in Evocations
 11986 | Bailey   | Acquired a book of Power
 11996 | Bailey   | Learned a level 5 spell: Bolt of Magma
 12003 | Bailey   | Learned a level 6 spell: Iron Shot
 12435 | D:11     | Reached **** piety under Vehumet
 12439 | D:11     | Offered knowledge of Inner Flame by Vehumet.
 12439 | D:11     | Reached XP level 12. HP: 62/69 MP: 13/23
 12576 | D:11     | Reached skill level 1 in Fire Magic
 12914 | D:11     | Found a staircase to the Lair.
 13227 | D:12     | Reached skill level 2 in Fire Magic
 13417 | D:12     | Reached skill level 5 in Dodging
 13487 | D:12     | Noticed a centaur warrior
 13496 | D:12     | Killed a centaur warrior
 13496 | D:12     | Reached skill level 3 in Fire Magic
 13739 | D:12     | Identified the amulet of Jaell {Spirit rElec Int+5}
 13925 | D:12     | Reached skill level 4 in Fire Magic
 14068 | D:12     | Got a wavering ruby amulet
 14069 | D:12     | Identified the amulet "Cug Egevo" {Inacc rElec rPois rN+
                  | MP-9} (You found it on level 12 of the Dungeon)
 14116 | D:12     | Noticed a fire dragon
 14127 | D:12     | Killed a fire dragon
 14127 | D:12     | Identified the +8 war axe of Sloth {pain, rPois rN+ MR+}
 14261 | D:12     | Reached ***** piety under Vehumet
 14261 | D:12     | Reached XP level 13. HP: 71/76 MP: 22/25
 14820 | D:13     | Reached skill level 5 in Fire Magic
 14919 | D:13     | Noticed Snorg
 15135 | D:13     | Noticed Nessos
 15213 | D:13     | Offered knowledge of Irradiate by Vehumet.
 15390 | D:13     | Killed Nessos
 15562 | D:13     | Reached skill level 10 in Conjurations
 15715 | D:13     | Noticed an ettin
 15876 | D:13     | Learned a level 5 spell: Irradiate
 16069 | D:13     | Killed Snorg
 16162 | D:13     | Reached skill level 6 in Fire Magic
 16282 | D:13     | Found a gate to the Vaults.
 17099 | D:13     | Noticed Erolcha
 17104 | D:13     | Killed Erolcha
 17146 | D:14     | Reached skill level 7 in Fire Magic
 17151 | D:14     | Gained mutation: Your large and strong wings let you fly
                  | indefinitely. [Gargoyle growth]
 17151 | D:14     | Reached XP level 14. HP: 45/84 MP: 8/27
 17198 | D:13     | Lost mutation: Your body sometimes deteriorates upon taking
                  | damage. [evolution]
 17510 | D:14     | Noticed Jorgrun
 17706 | D:14     | Killed Jorgrun
 17713 | D:14     | Reached skill level 8 in Fire Magic
 18406 | Lair:1   | Entered Level 1 of the Lair of Beasts
 18619 | Lair:1   | Offered knowledge of Starburst by Vehumet.
 18627 | Lair:1   | Learned a level 6 spell: Starburst
 19141 | Lair:2   | Acquired a +1 demon whip of electrocution
 19643 | Lair:2   | Found a staircase to the Swamp.
 20059 | Lair:2   | Gained mutation: You are agile. (Dex +2) [evolution]
 20378 | Lair:3   | Found a gate leading to a gauntlet.
 20385 | Gauntlet | Entered a Gauntlet
 20385 | Gauntlet | Found a transporter.
 20385 | Gauntlet | Found a transporter.
 20385 | Gauntlet | Found a transporter.
 20388 | Gauntlet | Found a transporter.
 20389 | Gauntlet | Found a transporter.
 20398 | Gauntlet | Noticed a dire elephant
 20399 | Gauntlet | Found a transporter.
 20403 | Gauntlet | Found a transporter.
 20413 | Gauntlet | Found a transporter.
 20424 | Gauntlet | Found a transporter.
 20441 | Gauntlet | Found a transporter.
 20445 | Gauntlet | Found a transporter.
 20446 | Gauntlet | Found the +1 cloak of Starlight {rElec rC+ EV+4 Stlth--}
 20455 | Gauntlet | Found a transporter.
 20772 | Gauntlet | Got a translucent crystal amulet
 20780 | Gauntlet | Identified the amulet "Ramogg" {Spirit Dex+5 Stlth+} (You
                  | found it in a Gauntlet)
 20788 | Gauntlet | Acquired 500 gold pieces
 20955 | Lair:3   | Found a dark tunnel.
 20968 | Volcano  | Entered a volcano
 21409 | Volcano  | Reached skill level 9 in Fire Magic
 21723 | Lair:3   | Reached XP level 15. HP: 90/90 MP: 24/28
 21825 | Lair:3   | Reached skill level 10 in Spellcasting
 22165 | Lair:3   | Offered knowledge of Fireball by Vehumet.
 22329 | Lair:3   | Found a staircase to the Snake Pit.
 22589 | Lair:3   | Learned a level 5 spell: Fireball
 23626 | Lair:5   | Reached skill level 10 in Fire Magic
 23883 | Lair:5   | Found a staircase to the Slime Pits.
 24446 | Lair:6   | Entered Level 6 of the Lair of Beasts
 24558 | Lair:6   | Offered knowledge of Freezing Cloud by Vehumet.
 24832 | Lair:6   | Reached skill level 10 in Fighting
 25360 | Lair:6   | Reached XP level 16. HP: 82/97 MP: 28/30
 25512 | Lair:6   | Offered knowledge of Conjure Ball Lightning by Vehumet.
 26114 | Orc:1    | Entered Level 1 of the Orcish Mines
 26227 | Orc:1    | Found a roughly hewn altar of Beogh.
 26238 | Orc:1    | Reached skill level 11 in Fire Magic
 26379 | Orc:1    | Reached ****** piety under Vehumet
 26811 | Orc:2    | Entered Level 2 of the Orcish Mines
 27028 | Orc:2    | Lost mutation: Your natural rate of healing is unusually
                  | fast. [a neqoxec]
 27160 | Orc:2    | Offered knowledge of Lightning Bolt by Vehumet.
 27369 | Orc:2    | Found a staircase to the Elven Halls.
 28272 | Orc:2    | Lost mutation: You evolve. [evolution]
 28500 | Orc:2    | Found Omo Nueq's Weapon Shop.
 28500 | Orc:2    | Found Zolosyhe's Assorted Antiques.
 28501 | Orc:2    | Found Qeubregg's Distillery.
 28501 | Orc:2    | Found Xerasilut's Weapon Boutique.
 28511 | Orc:2    | Bought a potion of brilliance for 60 gold pieces
 28511 | Orc:2    | Bought a potion of heal wounds for 75 gold pieces
 28517 | Orc:2    | Bought a potion of resistance for 240 gold pieces
 28517 | Orc:2    | Bought a scroll of magic mapping for 84 gold pieces
 28517 | Orc:2    | Bought a potion of heal wounds for 120 gold pieces
 28697 | D:15     | Entered Level 15 of the Dungeon
 28704 | D:15     | Offered knowledge of Lehudib's Crystal Spear by Vehumet.
 28879 | D:15     | Identified the +1 robe of Nuru Onu {+Blink} (You found it
                  | on level 15 of the Dungeon)
 29150 | D:15     | Found Kocoih's Assorted Antiques.
 29160 | D:15     | Bought a potion of heal wounds for 210 gold pieces
 29160 | D:15     | Bought a scroll of immolation for 147 gold pieces
 29160 | D:15     | Bought a scroll of teleportation for 126 gold pieces
 29160 | D:15     | Bought a paperback book for 630 gold pieces
 29630 | D:15     | Reached skill level 10 in Maces & Flails
 29657 | D:15     | Found a staircase to the Depths.
 30127 | Snake:1  | Entered Level 1 of the Snake Pit
 30144 | Snake:1  | Reached skill level 12 in Fire Magic
 30227 | Snake:1  | Learned a level 8 spell: Lehudib's Crystal Spear
 30335 | Snake:1  | Found Rukky's Jewellery Shop.
 30383 | Snake:1  | Reached XP level 17. HP: 92/104 MP: 11/32
 30393 | Snake:1  | Found Povix's Jewellery Boutique.
 31571 | Snake:2  | Noticed Vashnia
 31576 | Snake:2  | Killed Vashnia
 33113 | Snake:3  | Noticed Aizul
 33114 | Snake:3  | Reached skill level 13 in Fire Magic
 33479 | Snake:3  | Killed Aizul
 33997 | Snake:3  | Noticed Nikola
 34009 | Snake:3  | Killed Nikola
 34009 | Snake:3  | Reached XP level 18. HP: 100/111 MP: 0/33
 34223 | Snake:4  | Entered Level 4 of the Snake Pit
 34405 | Swamp:1  | Entered Level 1 of the Swamp
 34534 | Swamp:1  | Learned a level 5 spell: Borgnjor's Vile Clutch
 34983 | Swamp:1  | Found a snail-covered altar of Cheibriados.
 35391 | Swamp:2  | Offered knowledge of Fire Storm by Vehumet.
 35391 | Swamp:2  | Offered knowledge of Shatter by Vehumet.
 35391 | Swamp:2  | Offered knowledge of Chain Lightning by Vehumet.
 36609 | Swamp:3  | Reached skill level 15 in Earth Magic
 37118 | Swamp:4  | Entered Level 4 of the Swamp
 37299 | Elf:1    | Entered Level 1 of the Elven Halls
 37755 | Elf:1    | Reached skill level 14 in Fire Magic
 37962 | Elf:1    | Noticed Azrael
 37972 | Elf:1    | Killed Azrael
 38152 | Elf:1    | Reached skill level 10 in Dodging
 38706 | Elf:1    | Found a runed translucent gate.
 38706 | Elf:1    | Found a runed translucent gate.
 38706 | Elf:1    | Found a runed translucent gate.
 38706 | Elf:1    | Found a runed translucent gate.
 38706 | Elf:1    | Found a runed translucent gate.
 38708 | Elf:1    | Found a runed translucent gate.
 38801 | Elf:2    | Reached XP level 19. HP: 82/117 MP: 7/35
 39035 | Elf:2    | Found a runed translucent gate.
 39065 | Elf:2    | Found a runed translucent gate.
 39065 | Elf:2    | Found a runed translucent gate.
 39236 | Elf:2    | Found a portal to a secret trove of treasure.
 39364 | Elf:2    | Found a radiant altar of Vehumet.
 39447 | Elf:2    | Acquired 460 gold pieces
 39568 | Elf:3    | Entered Level 3 of the Elven Halls
 39951 | Elf:3    | Found an ancient bone altar of Kikubaaqudgha.
 40027 | Elf:3    | Noticed Mara
 40028 | Elf:3    | Noticed Hores's illusion
 40031 | Elf:3    | Killed Mara
 40426 | Elf:3    | Reached skill level 15 in Fire Magic
 41154 | Elf:3    | Reached XP level 20. HP: 93/124 MP: 25/36
 41517 | Elf:3    | Found the +2 hood of the Assassin {Detection Stab+ Stlth++}
 41560 | Elf:3    | Got a glimmering whip
 41561 | Elf:3    | Identified the +8 whip of the Ageing Lamprey {vorpal, rF+
                  | Stlth+} (You found it on level 3 of the Elven Halls)
 41581 | Elf:3    | Identified the ring of Feuth {rC+ MR+ MP-9 Dex+2}
 41702 | Elf:3    | Got a bloodstained quarterstaff
 41703 | Elf:3    | Identified the cursed +1 quarterstaff of Okhy {vamp, +Rage
                  | rElec} (You found it on level 3 of the Elven Halls)
 41756 | Elf:3    | Got a crystal morningstar
 41757 | Elf:3    | Identified the cursed +1 morningstar of a treasure trove
                  | {flame, *Drain rN+++ Dex+6} (You found it on level 3 of the
                  | Elven Halls)
 41931 | Elf:3    | Found an ancient bone altar of Kikubaaqudgha.
 43123 | Swamp:4  | Upgraded the game from 0.26-a0-597-gb535b0901c to
                  | 0.26-a0-598-g61e6210cf4
 43923 | Swamp:4  | Noticed a bone dragon
 43944 | Swamp:4  | Killed a bone dragon
 44047 | Swamp:4  | Got a decaying rune of Zot
 45782 | Snake:4  | Reached skill level 16 in Fire Magic
 45852 | Snake:4  | Reached skill level 15 in Conjurations
 45852 | Snake:4  | Reached XP level 21. HP: 80/131 MP: 10/38
 46175 | Snake:4  | Got a serpentine rune of Zot
 46540 | Vaults:1 | Entered Level 1 of the Vaults
 48953 | Vaults:2 | Acquired 480 gold pieces
 50250 | Vaults:2 | Paralysed by a great orb of eyes for 5 turns
 50299 | Vaults:2 | Found a staircase to the Crypt.
 50299 | Vaults:2 | Found an ancient bone altar of Kikubaaqudgha.
 50300 | Vaults:2 | Found a basalt altar of Yredelemnul.
 50306 | Crypt:1  | Entered Level 1 of the Crypt
 50705 | Vaults:3 | Reached XP level 22. HP: 97/138 MP: 5/39
 51447 | Vaults:3 | Found Hitoenan's Weapon Shoppe.
 51477 | Vaults:3 | Reached skill level 17 in Fire Magic
 51678 | Vaults:3 | Found Ruiby's Weapon Shop.
 53594 | Vaults:4 | Noticed Boris
 53600 | Vaults:4 | Killed Boris
 54909 | Depths:1 | Entered Level 1 of the Depths
 55132 | Depths:1 | Reached XP level 23. HP: 144/144 MP: 19/41
 55785 | Depths:1 | Found a gateway to Hell.
 56217 | Depths:1 | Reached skill level 15 in Fighting
 56270 | Depths:1 | Found a gateway to a ziggurat.
 57165 | Depths:1 | Got a twitching iron ring
 57166 | Depths:1 | Identified the ring of Red Wine {rElec rPois Str+6 Int+3}
                  | (You found it on level 1 of the Depths)
 57867 | Depths:2 | Identified Sif Muna's Incunabulum of Cloudy Companions
 58255 | Depths:2 | Found a one-way gate leading to the halls of Pandemonium.
 58379 | Depths:2 | Reached skill level 18 in Fire Magic
 58622 | Depths:2 | Mangled by a spark wasp

Illustrated notes

Levels and vault maps discovered:
D:1:      dpeg_arrival_morbid_curiosity, layout_basic
D:2:      layout_loops_corners
D:3:      layout_basic, cheibrodos_sewer_entry_bend
D:4:      layout_gridville, old_standard_altar, serial_shops, shop,
          chequers_garden, uniq_edmund
D:5:      layout_rooms, uniq_prince_ribbit1
D:6:      kennysheep_steamy, layout_cave_pools, uniq_grinder
D:7:      layout_rooms, nicolae_overflow_crystal_walls, lemuel_round_altar,
          minmay_temple_entry_drinking_statues, basic_altar
D:8:      layout_cave_pools, lemuel_doored_altar, vehumet_statue,
          nicolae_overflow_hidden_temple
D:9:      layout_loops_ring, lemuel_crystal_altar, orc_0_dummy, serial_rivers,
          chequers_serial_rivers_micro_b, chequers_serial_rivers_small_a,
          chequers_serial_rivers_room_a, chequers_serial_rivers_room_a
D:10:     layout_roguey [special_room_orc]
D:11:     layout_stronghold, lair_entry_dummy, enter_bailey_2, st_stairs_14
D:12:     minmay_the_grid_triangle_9x9_recursive_2
          [minmay_the_grid_triangle_9x9_prize_schism,
          minmay_the_grid_triangle_9x9_alien,
          minmay_the_grid_triangle_9x9_zippers_vertical,
          minmay_the_grid_triangle_9x9_empty], layout_layer_cave,
          onia_ninara_dug_in_and_dangerous
D:13:     layout_gridville, david_vaults_4, uniq_erolcha, uniq_nessos,
          uniq_snorg
D:14:     layout_cave_pools, kennysheep_boxes, uniq_jorgrun
D:15:     grunt_enter_depths_hoard, layout_irregular_city, serial_shops,
          nicolae_shop_stone, serial_glass, glass_columns_a, glass_columns_b,
          minmay_misc_feat_chi
Temple:   eino_temple_water
Lair:1:   layout_regular_city
Lair:2:   layout_layer_cave, minmay_swamp_entry_worms
Lair:3:   layout_regular_city, minmay_snake_entry_guardpost_large,
          nicolae_volcano_entry_two_sided, gauntlet_entry_generic, minivault_27,
          chequers_serial_rivers_small_3, chequers_serial_rivers_large_b,
          serial_bayou_pond_c
Lair:4:   pond_and_an_island_with_a_cottage, layout_regular_city, worms_lemuel
Lair:5:   layout_loops_ring, minmay_slime_entry_jelly_boxes, special_room
          [special_room_mythical_zoo], infiniplex_staircase_pool
Lair:6:   hangedman_lair_caniforms_friends, layout_layer_cave,
          guppyfry_lair_end_dragon, minmay_lair_drake_nest
Swamp:1:  layout_basic_swamp, lemuel_altar_in_water
Swamp:2:  layout_basic_swamp, nicolae_swamp_triple_paths, swamp_pool4
Swamp:3:  layout_basic_swamp, evilmike_swamp_ruin_house_2, swamp_pool1
Swamp:4:  swamp_pestilence, layout_basic_swamp, swamp_pool1
Snake:1:  layout_honeycomb, minmay_shoptagon
Snake:2:  layout_onion, uniq_vashnia
Snake:3:  layout_cave_town, minmay_snake_pond, uniq_nikola, uniq_aizul
Snake:4:  grunt_snake_rune_serpentine_throne, layout_cave_town
Orc:1:    nicolae_orc_accident_3, layout_caves, basic_altar,
          nicolae_orc_crystal_geode
Orc:2:    st_orc_pillars, layout_diamond_mine
Elf:1:    elf_arrival_001, layout_loops_corners, orc_legates,
          grunt_megastairs_1, uniq_azrael
Elf:2:    layout_geoelf_octagon, nicolae_trove_entry_diagonal,
          guppyfry_elf_altar
Elf:3:    minmay_elf_hall_four_x, layout_loops_ring, basic_altar, uniq_mara
Vaults:1: hangedman_vaults_unwind, ontoclasm_vaults_misaligned,
          nicolae_vaults_diagonal_hallway_6, ontoclasm_vaults_decontamination,
          vaults_room_corners, vaults_dpeg_ring, vaults_mumra_hex,
          layout_vaults_omnigrid
Vaults:2: minmay_crypt_entry_necro_gods, nicolae_vaults_big_angled_halls,
          ontoclasm_vaults_misaligned, hangedman_vaults_locks, v_misc_17,
          hangedman_vaults_nodes, nicolae_vaults_little_squares_2,
          grunt_vaults_twisty, nicolae_vaults_disjoint_gnomons,
          nicolae_vaults_angled_halls, ontoclasm_vaults_hangar,
          nicolae_vaults_asterisk, nicolae_vaults_little_squares_5,
          layout_vaults_omnibox
Vaults:3: vaults_mumra_hexcomb, v_rooms_1, hangedman_vaults_variations,
          grunt_vaults_diagonal, v_misc_33, v_misc_12, v_misc_4, v_misc_8,
          vaults_dpeg_hooks, ontoclasm_vaults_twist, ontoclasm_vaults_gateway,
          layout_vaults_big_cross, serial_shops, nicolae_shop_trees,
          nicolae_shop_statue_plus
Vaults:4: v_misc_29, nicolae_vaults_display_case, nicolae_vaults_network_square,
          vaults_room_door_ring, v_pattern_5, v_misc_24, v_misc_33,
          hangedman_vaults_hat, nicolae_vaults_network_periphery,
          vaults_dpeg_cross, v_misc_15, layout_vaults_big_room, uniq_boris
Crypt:1:  layout_rooms, grunt_crypt_arrival_webbed
Depths:1: layout_honeycomb, enter_ziggurat_f, pf_hell_entry_tar_river,
          small_chamber_with_monster, hangedman_abyss_or_decor_lesser_grid,
          minmay_misc_feat_square, kennysheep_generic_room_3
Depths:2: minmay_tri_box, layout_cave_pools, grunt_pan_entry_in_and_out,
          hell_entry

Skill      XL: |  1  2  3  4  5  6  7  8  9 10 11 12 13 14 15 16 17 18 19 20 21 22 23 |
---------------+----------------------------------------------------------------------+-----
Earth Magic    | 4 5 6 7 8 9 10 11 12 13 14 15 16 17 | 17.8
Spellcasting   | 3 4 5 6 7 8 9 10 11 12 13 14 | 14.2
Conjurations   | 1 2 3 5 6 7 8 9 10 11 12 13 14 15 16 | 16.3
Fighting       | 1 3 4 5 7 8 9 10 11 12 13 14 15 | 15.1
Maces & Flails | 3 4 5 6 7 8 9 10 11 12 13 14 | 14.1
Armour         | 3 4 5 6 |  6.0
Dodging        | 3 4 5 6 7 8 9 10 11 12 | 12.3
Evocations     | 2 3 5 6 7 8 9 |  9.1
Fire Magic     | 4 7 9 10 12 13 14 15 16 17 18 | 18.0
Stealth        | |  2.1
Transmutations | |  0.7

Action                   |  1- 3 |  4- 6 |  7- 9 | 10-12 | 13-15 | 16-18 | 19-21 | 22-24 || total
-------------------------+-------+-------+-------+-------+-------+-------+-------+-------++-------
Melee: Unarmed           |     1 |       |       |       |       |       |       |       ||     1
       Mace              |    48 |   107 |   162 |       |       |       |       |       ||   317
       Dagger            |       |       |    66 |   508 |   310 |       |       |       ||   884
       Demon whip        |       |       |       |       |   626 |  1102 |   737 |   425 ||  2890
 Cast: Sandblast         |    15 |    45 |    82 |    49 |    57 |     3 |     7 |     4 ||   262
       Lee's Rapid Decon |       |     4 |     6 |    64 |    44 |    44 |   138 |   101 ||   401
       Stone Arrow       |       |       |     4 |    28 |    43 |     1 |       |       ||    76
       Iron Shot         |       |       |       |       |    67 |   100 |   108 |    20 ||   295
       Irradiate         |       |       |       |       |    22 |       |       |       ||    22
       Starburst         |       |       |       |       |    16 |    95 |    41 |     2 ||   154
       Bolt of Magma     |       |       |       |       |     2 |       |       |       ||     2
       Fireball          |       |       |       |       |     1 |    32 |    22 |     1 ||    56
       Lehudib's Crystal |       |       |       |       |       |     1 |    18 |    69 ||    88
 Abil: Fly               |       |       |       |       |     1 |       |       |       ||     1
Evoke: Wand              |       |       |     5 |    22 |     3 |     7 |     6 |     5 ||    48
       Phantom mirror    |       |       |       |     1 |     1 |     1 |       |       ||     3
       Condenser vane    |       |       |       |       |       |     5 |     9 |     6 ||    20
       Box of beasts     |       |       |       |       |       |       |     3 |       ||     3
  Use: Scroll            |     4 |     7 |    13 |    10 |    27 |    21 |    15 |     1 ||    98
       Potion            |       |       |     3 |     8 |     5 |     1 |     8 |       ||    25
 Stab: Sleeping          |     5 |     1 |     3 |     2 |     3 |     5 |     9 |     2 ||    30
       Paralysed         |       |       |       |       |     2 |       |       |       ||     2
       Distracted        |       |       |       |       |     1 |     1 |     3 |     1 ||     6
       Confused          |       |       |       |       |       |     1 |       |     3 ||     4
Armor: Robe              |     9 |   106 |   163 |   279 |     3 |       |       |       ||   560
       Troll leather arm |       |       |       |       |   672 |   535 |   483 |   159 ||  1849
       Skin              |       |       |       |       |     3 |       |       |       ||     3
Dodge: Dodged            |    30 |   177 |   220 |   428 |   844 |   824 |   595 |   250 ||  3368

Table legend: (Time is in decaauts)
 A = Elapsed time spent in this place.
 B = Non-inter-level travel time spent in this place.
 C = Inter-level travel time spent in this place.
 D = Time resting spent in this place.
 E = Time spent auto-exploring this place.
 F = Levels seen in this place.
 G = Mean time per level.
                   A        B        C        D        E       F      G
               +--------+--------+--------+--------+--------+-----+--------+
         Total |  57644 |  54082 |   3562 |  12549 |  29082 |  46 | 1253.1 |
       Dungeon |  17553 |  16174 |   1379 |   2622 |   9606 |  15 | 1170.2 |
        Temple |    219 |    200 |     19 |      0 |    190 |   1 |  219.0 |
          Lair |   6396 |   5945 |    451 |    510 |   4108 |   6 | 1066.0 |
         Swamp |   4225 |   4054 |    171 |    926 |   2243 |   4 | 1056.2 |
     Snake Pit |   6037 |   5591 |    446 |   1236 |   3220 |   4 | 1509.2 |
  Orcish Mines |   2440 |   2260 |    180 |    538 |   1068 |   2 | 1220.0 |
   Elven Halls |   5051 |   4848 |    203 |   1139 |   2647 |   3 | 1683.7 |
        Vaults |   8054 |   7465 |    589 |   2044 |   3965 |   4 | 2013.5 |
         Crypt |      1 |      1 |      0 |      0 |      0 |   1 |    1.0 |
        Depths |   3638 |   3518 |    120 |   1903 |   1138 |   2 | 1819.0 |
         Sewer |   1759 |   1759 |      0 |    860 |    429 |   1 | 1759.0 |
        Bailey |    993 |    993 |      0 |    345 |    151 |   1 |  993.0 |
       Volcano |    719 |    719 |      0 |    291 |     88 |   1 |  719.0 |
      Gauntlet |    550 |    550 |      0 |    134 |    227 |   1 |  550.0 |
               +--------+--------+--------+--------+--------+-----+--------+

Top non-repeatable levels by time:
    D:13: 2679 daAuts
Depths:1: 2651 daAuts
   Elf:3: 2541 daAuts
Vaults:3: 2337 daAuts
Vaults:1: 2209 daAuts
 Snake:3: 1966 daAuts
 Snake:4: 1886 daAuts
Vaults:2: 1855 daAuts
   Sewer: 1759 daAuts
    D:12: 1661 daAuts
Vaults:4: 1651 daAuts
   Elf:1: 1538 daAuts
   Orc:2: 1533 daAuts
 Swamp:4: 1528 daAuts
  Lair:6: 1447 daAuts
